 Dungeon Crawl Stone Soup version 0.31-a0-691-g409c26aa35 (webtiles) character file.

Game seed: 14738622858401690514

299 heikuro the Shield-Bearer (level 6, -2/49 HPs)
             Began as a Formicid Fighter on Sept 6, 2023.
             Killed from afar by an orc wizard (4 damage)
             ... with a puff of flame
             ... on level 5 of the Dungeon.
             The game lasted 00:07:22 (3492 turns).

heikuro the Shield-Bearer (Formicid Fighter)        Turns: 3492, Time: 00:07:22

Health: -2/49      AC: 14    Str: 26    XL:     6   Next: 63%
Magic:  6/6        EV:  7    Int:  7    God:
Gold:   219        SH:  5    Dex: 13    Spells: 5/5 levels left

rFire   x . .        a - +0 war axe
rCold   + . .        c - +0 buckler
rNeg    . . .        m - +0 plate armour
rPois   +            (helmet unavailable)
rElec   .            t - +1 cloak "Danag" {rF- rC+ Regen+ Str+3}
rCorr   .            (no gloves)
SInv    +            (no boots)
Will    .....        (no amulet)
Stlth   x              - ring of poison resistance
HPRegen 1.08/turn    (no ring)
MPRegen 0.10/turn

%: no passive effects
@: no status effects
A: permanent stasis, dig shafts and tunnels, antennae 3, four strong arms
a: Dig, Shaft Self


You were on level 5 of the Dungeon.
You visited 1 branch of the dungeon, and saw 5 of its levels.

You collected 219 gold pieces.

Inventory:

Hand Weapons
 a - a +0 war axe (weapon)
 u - a +0 halberd
Missiles
 g - 9 poisoned darts (quivered)
Armour
 b - a +0 scale mail
 c - a +0 buckler (worn)
 h - a +0 cloak
 m - a +0 plate armour (worn)
 t - the +1 cloak "Danag" (worn) {rF- rC+ Regen+ Str+3}
   (You found it on level 3 of the Dungeon)

   Str+3:     It affects your strength (+3).
   rF-:       It makes you vulnerable to fire.
   rC+:       It protects you from cold.
   Regen+:    It increases your rate of health regeneration.
Jewellery
 x - a ring of poison resistance (left hand)
Wands
 l - a wand of roots (4)
 v - a wand of flame (19)
Scrolls
 f - 5 scrolls of identify {unknown}
 i - a scroll of brand weapon {unknown}
 k - 2 scrolls of teleportation
 n - 2 scrolls of revelation {unknown}
 p - a scroll of amnesia {unknown}
 r - 2 scrolls of noise {unknown}
Potions
 d - 2 potions of might
 e - 2 potions of curing {unknown}
 j - a potion of heal wounds {unknown}
 o - a potion of brilliance {unknown}
 q - 3 potions of attraction {unknown}
 s - a potion of invisibility {unknown}
 w - a potion of mutation {unknown}


   Skills:
 + Level 4.4 Fighting
 * Level 4.3 Axes
 + Level 4.5 Armour
 + Level 5.4 Shields


You had 5 spell levels left.
You didn't know any spells.
Your spell library was empty.

Dungeon Overview and Level Annotations

Branches:
Dungeon (5/15)
 Temple: D:4-7

Altars:
Dithmenos
Hepliaklqana
Sif Muna
Trog

Annotations:
D:3 2 transporters, bahustanut's ghost, amateur OgGl
D:4 moth of wrath


Innate Abilities, Weirdness & Mutations

You cannot be hasted, slowed, berserked, paralysed or teleported.
You can dig through walls and to a lower floor.
You have a pair of large antennae on your head. (SInv)
Your four strong arms can wield two-handed weapons with a shield.


Message History

The orc wizard closely misses you. The adder bites you.
* * * LOW HITPOINT WARNING * * *
The orc wizard hits you with a +0 dagger.
* * * LOW HITPOINT WARNING * * *
The orc wizard hits you but does no damage.
You miss the orc wizard.
The orc wizard is almost dead.
You closely miss the adder. You miss the orc wizard.
The adder bites you but does no damage.
The orc wizard hits you but does no damage.
The adder closely misses you.
The orc wizard points at you and mumbles some strange words.
The puff of flame hits you! The fire burns you terribly!
* * * LOW HITPOINT WARNING * * *
You miss the orc wizard.
The orc wizard is almost dead.
You miss the adder. You slash the orc wizard!
The adder bites you but does no damage. The orc wizard casts a spell at you.
The puff of flame hits you but does no damage.
The adder bites you but does no damage.
You barely miss the adder.
You hit the orc wizard but do no damage.
You miss the orc wizard.
You feel less confused.
The orc wizard hits you but does no damage.
The orc wizard casts a spell at you.
The magic dart hits you but does no damage.
The adder bites you but does no damage.
The orc wizard hits you but does no damage.
Unknown command.
You closely miss the orc wizard.
The orc wizard is almost dead.
You barely miss the adder. You closely miss the orc wizard.
The adder bites you but does no damage.
The orc wizard hits you with a +0 dagger of venom.
* * * LOW HITPOINT WARNING * * *
The orc wizard points at you and mumbles some strange words.
The puff of flame hits you. The fire burns you terribly!
You die...

##. ### #... #..
....## ..# #....#.
..####
#..###.###....
#..#..:..#..#
##..###.###..#
.....'.#@S..#.#.
#.#..###oo......
.####.#.)o..o#..#.##
>..................
#####..)##.#.#....#.
#................#
#.##.#o##.#.#..###
###.##.#.##†#<#..#
.............## .#


You could see 3 orc wizards and an adder.

Vanquished Creatures
  A gnoll bouda (D:4)
  An iguana (D:4)
  8 gnolls
  9 adders
  2 worms (D:4)
  4 dart slugs
  3 orcs
  4 endoplasms
  A giant cockroach (D:4)
  9 goblins
  7 hobgoblins
  5 jackals
  2 quokkas (D:4)
  4 ball pythons
  8 bats
  2 frilled lizards
  6 kobolds
  8 rats
84 creatures vanquished.

Vanquished Creatures (others)
  2 orc wizards (D:5)
2 creatures vanquished.

Grand Total: 86 creatures vanquished

Notes
Turn   | Place    | Note
-------+----------+-------------------------------------------
     0 | D:1      | heikuro the Formicid Fighter began the quest for the Orb.
     0 | D:1      | Reached XP level 1. HP: 18/18 MP: 1/1
    85 | D:1      | Reached XP level 2. HP: 24/24 MP: 2/2
   227 | D:1      | Reached XP level 3. HP: 28/29 MP: 3/3
   964 | D:2      | Found a hazy altar of Hepliaklqana.
  1106 | D:2      | Reached XP level 4. HP: 32/37 MP: 4/4
  1411 | D:3      | Noticed a small abomination
  1434 | D:3      | Noticed bahustanut's ghost (amateur OgGl)
  1436 | D:3      | Noticed an ancient zyme
  1444 | D:3      | Noticed a small abomination
  1476 | D:3      | Found a transporter.
  1632 | D:3      | Identified the +1 cloak "Danag" {rF- rC+ Regen+ Str+3}
  1695 | D:3      | Found a transporter.
  1820 | D:3      | Reached XP level 5. HP: 42/42 MP: 5/5
  2706 | D:3      | Reached skill level 5 in Shields
  2815 | D:4      | Reached XP level 6. HP: 45/48 MP: 6/6
  3022 | D:4      | Found a shadowy altar of Dithmenos.
  3071 | D:4      | Found a hazy altar of Hepliaklqana.
  3282 | D:4      | Noticed a moth of wrath
  3286 | D:4      | Found a bloodstained altar of Trog.
  3372 | D:4      | Found a shimmering blue altar of Sif Muna.
  3439 | D:5      | Entered Level 5 of the Dungeon
  3489 | D:5      | HP: 1/49 [orc wizard/puff of flame (10)]
  3492 | D:5      | Killed from afar by an orc wizard

Illustrated notes

Levels and vault maps discovered:
D:1:      elethiomel_arrival_quiet, layout_basic, minmay_tromino_i4
D:2:      layout_basic, basic_altar, minmay_cut_off
D:3:      layout_basic, gammafunk_ghost_abyssal_escape, minivault_23,
          kennysheep_nondescript, minmay_tree_intersection,
          kennysheep_generic_room_12
D:4:      layout_loops_ring, lemuel_doored_altar, lemuel_blue_sif_altar,
          tgw_trog, mainiacjoe_overflow_brackets
D:5:      layout_basic, mainiacjoe_overflow_24_doors, portal_sewer_entry_a,
          minmay_a_box_with_orc_wizards_in_it

Skill      XL: |  1  2  3  4  5  6 |
---------------+-------------------+-----
Axes           | 3 4 |  4.3
Armour         | 4 |  4.5
Fighting       | 4 |  4.4
Shields        | 5 |  5.4

Action                     |  1- 3 |  4- 6 || total
---------------------------+-------+-------++-------
  Melee: War axe           |    82 |   182 ||   264
 Armour: Scale mail        |    52 |    84 ||   136
         Plate armour      |       |   149 ||   149
  Dodge: Dodged            |    44 |   108 ||   152
  Block: Buckler           |    19 |    62 ||    81

Table legend: (Time is in decaauts)
 A = Elapsed time spent in this place.
 B = Non-inter-level travel time spent in this place.
 C = Inter-level travel time spent in this place.
 D = Time resting spent in this place.
 E = Time spent auto-exploring this place.
 F = Levels seen in this place.
 G = Mean time per level.
                   A        B        C        D        E       F      G
               +--------+--------+--------+--------+--------+-----+--------+
         Total |   3587 |   3547 |     40 |    112 |   2198 |   5 |  717.4 |
       Dungeon |   3587 |   3547 |     40 |    112 |   2198 |   5 |  717.4 |
               +--------+--------+--------+--------+--------+-----+--------+

Top non-repeatable levels by time:
     D:3: 1183 daAuts
     D:4: 926 daAuts
     D:2: 886 daAuts
     D:1: 530 daAuts
     D:5: 60 daAuts
